 Dungeon Crawl Stone Soup version 0.22-a0-283-g1871b15 (webtiles) character file.

6378 vishdafish the Commander (level 10, -4/60 HPs)
             Began as a Gargoyle Fighter on Mar 18, 2018.
             Was a High Priest of Okawaru.
             Slain by a two-headed ogre
             ... wielding a +0 giant spiked club
              (10 damage)
             ... on level 10 of the Dungeon.
             The game lasted 00:19:18 (8770 turns).

vishdafish the Commander (Gargoyle Fighter)         Turns: 8770, Time: 00:19:19

Health: -4/60      AC: 25    Str: 19    XL:     10   Next: 97%
Magic:  16/16      EV: 10    Int: 13    God:    Okawaru [*****.]
Gold:   271        SH: 15    Dex:  9    Spells: 7/9 levels left

rFire    . . .     SeeInvis .   a - +0 long sword
rCold    + . .     Gourm    .   c - +0 shield
rNeg     + . .     Faith    .   b - +0 scale mail
rPois    ∞         Spirit   .   (helmet restricted)
rElec    +         Reflect  +   (no cloak)
rCorr    .         Harm     .   v - +0 pair of gloves
MR       +....                  k - +2 pair of boots {run}
Stlth    ..........             J - +5 amulet of reflection
HPRegen  0.60/turn              j - ring of protection from cold
MPRegen  0.15/turn              r - ring of protection from magic

@: quick
A: horns 1, talons 1, iridescent scales 1, molten scales 1, slimy green scales
1, negative energy resistance 1, regeneration 1, electricity resistance,
unbreathing, evolution 1, petrification resistance, rot immunity, AC +7
a: Heroism, Finesse, Renounce Religion


You were on level 10 of the Dungeon.
You worshipped Okawaru.
Okawaru was extremely pleased with you.
You were very hungry.

You visited 2 branches of the dungeon, and saw 11 of its levels.

You collected 479 gold pieces.
You spent 208 gold pieces at shops.

Inventory:

Hand Weapons
 a - a +0 long sword (weapon)
Missiles
 u - 76 sling bullets
 L - a throwing net (quivered)
Armour
 b - a +0 scale mail (worn)
 c - a +0 shield (worn)
 d - a +0 helmet
 k - a +2 pair of boots of running (worn)
 l - a +1 leather armour of positive energy
 v - a +0 pair of gloves (worn)
 H - the +0 robe of Subjectivity {+Inv rPois MR+ Int+4}
   (You found it on level 8 of the Dungeon)

   It affects your intelligence (+4).
   It protects you from poison.
   It affects your resistance to hostile enchantments.
   It lets you turn invisible.
Jewellery
 g - an uncursed amulet of guardian spirit
 j - a ring of protection from cold (left hand)
 m - an uncursed ring of fire
 n - an uncursed ring of resist corrosion
 r - a ring of protection from magic (right hand)
 C - an uncursed ring of magical power
 J - a +5 amulet of reflection (around neck)
Wands
 F - a wand of paralysis (6)
Scrolls
 e - 16 scrolls of remove curse
 i - 7 scrolls of teleportation
 o - 3 scrolls of amnesia {unknown}
 p - 2 scrolls of blinking
 y - 5 scrolls of fog
 z - 3 scrolls of enchant armour {unknown}
 A - a scroll of magic mapping {unknown}
 D - 3 scrolls of random uselessness {unknown}
 G - a scroll of acquirement {unknown}
 I - 2 scrolls of enchant weapon
 M - a scroll of brand weapon
 N - a scroll of fear
 Q - a scroll of noise {unknown}
Potions
 h - 4 potions of curing
 q - 4 potions of flight
 s - a potion of cancellation
 t - a potion of magic {unknown}
 w - 3 potions of haste
 x - 2 potions of brilliance {unknown}
 B - 2 potions of resistance
 E - a potion of lignification
 K - a potion of ambrosia {unknown}
 O - a potion of heal wounds {unknown}
 P - a potion of might
Comestibles
 f - 14 rations


   Skills:
 - Level 6.1 Fighting
 - Level 8.2 Long Blades
 - Level 6.0 Armour
 + Level 6.0 Dodging
 - Level 6.1 Shields
 * Level 9.0 Invocations


You had 7 spell levels left.
You knew the following spells:

 Your Spells              Type           Power        Failure   Level  Hunger
a - Blink                 Tloc           N/A          99%         2    ###....


Dungeon Overview and Level Annotations

Branches:
Dungeon (10/15)            Temple (1/1) D:4            Lair (0/6) D:9
    Orc: D:9-12

Altars:
Ashenzari
Cheibriados
Dithmenos
Elyvilon
Fedhas
Gozag
Hepliaklqana
Kikubaaqudgha
Makhleb
Nemelex Xobeh
Okawaru
Qazlal
Ru
Sif Muna
Trog
Uskayaw
Vehumet
Wu Jian
Xom
Yredelemnul
Zin
The Shining One

Shops:
D:8 [   D:9 ?


Innate Abilities, Weirdness & Mutations

You are resistant to torment.
Your stone body is resilient. (AC +7)
You are immune to poison.
You resist negative energy. (rN+)
You are resistant to electric shocks. (rElec)
You can survive without breathing.
You are immune to petrification.
You are immune to rotting.
You have a pair of small horns on your head.
You have sharp toenails.
You are partially covered in iridescent scales. (AC +2)
You are partially covered in molten scales. (AC +2)
You are partially covered in slimy green scales. (AC +2)
Your natural rate of healing is unusually fast.
You evolve.


Message History

Your Dodging skill increases to level 6!
Your Invocations skill increases to level 9!
You hit the two-headed ogre.
The two-headed ogre is lightly wounded.
You block the two-headed ogre's attack.
The two-headed ogre completely misses you.
You closely miss the two-headed ogre.
Your headbutt misses the two-headed ogre.
The two-headed ogre is lightly wounded.
The two-headed ogre hits you with a giant spiked club!
The two-headed ogre hits you but does no damage.
You slash the two-headed ogre!
The two-headed ogre is moderately wounded.
The two-headed ogre hits you with a giant spiked club!
The two-headed ogre hits you with a giant club!
* * * LOW HITPOINT WARNING * * *
You slash the two-headed ogre!
The two-headed ogre is heavily wounded.
The two-headed ogre hits you with a giant spiked club!
You die...

.... ... #..###
+.... #..# #.##
#..# ##O# ..#
#@## ..#
#######..##..#
..........#..#
########..#..#
#....###.#..###.#
#................
####.###....###.
#......# #))..#.#


You could see a two-headed ogre.

Vanquished Creatures
  2 two-headed ogres
  An ugly thing (D:9)
  A troll (D:10)
  2 hippogriffs
  Sigmund (D:3)
  Eustachio (D:5)
  A hungry ghost (D:5)
  A steam dragon (D:5)
  An orc warrior (D:7)
  A water moccasin (D:8)
  5 ice beasts
  A phantom (D:8)
  A necrophage (D:6)
  2 centaurs
  3 ogres
  5 bullfrogs
  2 scorpions
  5 wights (D:10)
  4 electric eels (D:6)
  3 crimson imps
  7 hounds
  2 bullfrog zombies
  5 jellies
  9 orc priests
  An iguana (D:5)
  9 orc wizards
  5 worker ants
  2 hound zombies (D:6)
  A hound skeleton (D:8)
  A worker ant zombie (D:8)
  Robin (D:3)
  9 adders
  A shadow imp (D:8)
  An ooze (D:2)
  An adder skeleton (D:8)
  2 worms
  13 dart slugs
  4 leopard geckos
  36 orcs
  11 bats
  7 giant cockroaches
  14 goblins
  10 hobgoblins
  4 jackals
  3 kobolds (D:1)
  5 quokkas
  A ball python (D:1)
  5 frilled lizards
  2 leopard gecko skeletons
  13 rats
228 creatures vanquished.

Vanquished Creatures (others)
  2 centaurs (D:9)
  An adder (D:5)
  An adder skeleton (D:6)
  A dart slug (D:5)
5 creatures vanquished.

Grand Total: 233 creatures vanquished

Notes
Turn   | Place    | Note
-------+----------+-------------------------------------------
     0 | D:1      | vishdafish the Gargoyle Fighter began the quest for the Orb.
     0 | D:1      | Reached XP level 1. HP: 14/14 MP: 1/1
    53 | D:1      | Reached XP level 2. HP: 19/19 MP: 2/2
   355 | D:1      | Reached XP level 3. HP: 22/23 MP: 3/3
  1105 | D:2      | Learned a level 2 spell: Blink
  1160 | D:2      | Reached XP level 4. HP: 25/29 MP: 4/4
  1374 | D:2      | Found a sacrificial altar of Ru.
  1385 | D:2      | Reached skill level 1 in Dodging
  1556 | D:3      | Noticed Sigmund
  1567 | D:3      | Killed Sigmund
  1567 | D:3      | Reached XP level 5. HP: 23/33 MP: 3/5
  1567 | D:3      | Reached XP level 6. HP: 26/38 MP: 3/6
  1803 | D:3      | Noticed Robin
  1833 | D:3      | Killed Robin
  2115 | D:3      | Found an ornate altar of the Wu Jian Council.
  2376 | D:4      | Found a staircase to the Ecumenical Temple.
  2413 | Temple   | Entered the Ecumenical Temple
  2638 | D:4      | Found a glowing golden altar of the Shining One.
  2929 | D:4      | Found a burning altar of Makhleb.
  3032 | D:4      | Found a shimmering altar of Xom.
  3034 | D:4      | Found a white marble altar of Elyvilon.
  3147 | Temple   | Became a worshipper of Warmaster Okawaru
  3179 | D:5      | Entered Level 5 of the Dungeon
  3390 | D:5      | Found a stormy altar of Qazlal.
  3444 | D:5      | Found a snail-covered altar of Cheibriados.
  3444 | D:5      | Found a hazy altar of Hepliaklqana.
  3496 | D:5      | Reached XP level 7. HP: 42/44 MP: 7/7
  3499 | D:5      | Noticed Eustachio
  3675 | D:5      | Killed Eustachio
  3742 | D:5      | Reached skill level 5 in Shields
  4113 | D:6      | Noticed a steam dragon
  4205 | D:5      | Reached skill level 5 in Fighting
  4332 | D:5      | Killed a steam dragon
  4332 | D:5      | Reached skill level 5 in Armour
  4332 | D:5      | Reached XP level 8. HP: 16/49 MP: 1/8
  5095 | D:6      | Reached skill level 5 in Long Blades
  5287 | D:5      | Reached * piety under Okawaru
  5843 | D:6      | Reached XP level 9. HP: 43/55 MP: 9/9
  6029 | D:6      | Reached ** piety under Okawaru
  6158 | D:7      | Reached skill level 1 in Invocations
  6183 | D:7      | Reached skill level 2 in Invocations
  6690 | D:7      | Reached skill level 3 in Invocations
  6857 | D:7      | Found an opulent altar of Gozag.
  7018 | D:7      | Reached *** piety under Okawaru
  7018 | D:7      | Reached skill level 4 in Invocations
  7318 | D:8      | Gained mutation: You do not regenerate when monsters are visible. [potion of mutation]
  7318 | D:8      | Gained mutation: Your flesh is cold resistant. (rC+) [potion of mutation]
  7318 | D:8      | Gained mutation: Armour fits poorly on your strangely shaped body. [potion of mutation]
  7318 | D:8      | Gained mutation: You have a pair of small horns on your head. [potion of mutation]
  7319 | D:8      | Lost mutation: You have a pair of small horns on your head. [potion of mutation]
  7319 | D:8      | Lost mutation: Armour fits poorly on your strangely shaped body. [potion of mutation]
  7319 | D:8      | Lost mutation: Your flesh is cold resistant. (rC+) [potion of mutation]
  7319 | D:8      | Gained mutation: You are partially covered in molten scales. (AC +2) [potion of mutation]
  7319 | D:8      | Gained mutation: You are partially covered in slimy green scales. (AC +2) [potion of mutation]
  7319 | D:8      | Gained mutation: Your body sometimes deteriorates upon taking damage. [potion of mutation]
  7319 | D:8      | Gained mutation: You have sharp toenails. [potion of mutation]
  7320 | D:8      | Lost mutation: Your body sometimes deteriorates upon taking damage. [potion of mutation]
  7320 | D:8      | Lost mutation: You do not regenerate when monsters are visible. [potion of mutation]
  7320 | D:8      | Gained mutation: Your natural rate of healing is unusually fast. [potion of mutation]
  7320 | D:8      | Gained mutation: You evolve. [potion of mutation]
  7320 | D:8      | Gained mutation: You are partially covered in iridescent scales. (AC +2) [potion of mutation]
  7490 | D:8      | Identified a +2 pair of boots of running (You found it on level 8 of the Dungeon)
  7515 | D:8      | Found a hide-covered altar of Uskayaw.
  7538 | D:8      | Reached skill level 5 in Invocations
  7538 | D:8      | Reached XP level 10. HP: 60/60 MP: 13/13
  7576 | D:8      | Got a wizard robe
  7744 | D:8      | Noticed a two-headed ogre
  7771 | D:8      | Killed a two-headed ogre
  7771 | D:8      | Reached skill level 6 in Invocations
  7785 | D:8      | Identified the +0 robe of Subjectivity {+Inv rPois MR+ Int+4} (You found it on level 8 of the Dungeon)
  7874 | D:8      | Found Hyloo's Armour Shop.
  7945 | D:8      | Reached **** piety under Okawaru
  7945 | D:8      | Reached skill level 5 in Dodging
  8173 | D:9      | Found Elut's Magic Scroll Shoppe.
  8191 | D:9      | Gained mutation: You have a pair of small horns on your head. [evolution]
  8194 | D:9      | Bought a scroll of fear for 56 gold pieces
  8194 | D:9      | Bought a scroll of enchant weapon for 120 gold pieces
  8194 | D:9      | Bought a scroll of identify for 32 gold pieces
  8259 | D:9      | Noticed a two-headed ogre
  8261 | D:9      | Found a radiant altar of Vehumet.
  8261 | D:9      | Noticed a purple ugly thing
  8284 | D:9      | Killed a purple ugly thing
  8284 | D:9      | Reached skill level 7 in Invocations
  8293 | D:9      | Killed a two-headed ogre
  8293 | D:9      | Reached skill level 8 in Invocations
  8299 | D:9      | Found an ancient bone altar of Kikubaaqudgha.
  8300 | D:9      | Found a deep blue altar of Sif Muna.
  8305 | D:9      | Identified Vehumet's Volume of Confrontation
  8362 | D:9      | Reached ***** piety under Okawaru
  8495 | D:9      | Found a staircase to the Lair.
  8602 | D:10     | Entered Level 10 of the Dungeon
  8744 | D:10     | Noticed a two-headed ogre
  8766 | D:10     | Received a gift from Okawaru
  8766 | D:10     | Reached skill level 9 in Invocations
  8770 | D:10     | Slain by a two-headed ogre

Vault maps used:
D:1:      dpeg_arrival_ratfight, minmay_liquid_box, lemuel_flame_loot_1
D:2:      nicolae_ru_great_annihilating_truth
D:3:      lemuel_coloured_pillars_altar, first_ration, uniq_robin, uniq_sigmund
D:4:      kennysheep_little_box, old_standard_altar,
          gammafunk_temple_overflow_statue, minmay_temple_entry_glass,
          kennysheep_generic_room_4
D:5:      kennysheep_slugbush, grunt_qazlal_clouds,
          gammafunk_temple_overflow_pools, amethyst_killhole, uniq_eustachio
D:6:      kennysheep_big_flooded_room
D:7:      old_standard_altar
D:8:      kennysheep_mini, serial_shops, nicolae_shop_statue_plus,
          grunt_ogre_cave, bh_walls_and_bars
D:9:      grunt_temple_overflow_magic_moments, dpeg_oklobed_lair, serial_shops,
          shop
D:10:     kennysheep_big_empty_room
Temple:   compressed_dpeg_triangle_lava_temple

Skill      XL: |  1  2  3  4  5  6  7  8  9 10 |
---------------+-------------------------------+-----
Long Blades    | 2 3 4 6 7 8 |  8.2
Dodging        | 1 2 3 4 6 |  6.0
Fighting       | 4 5 6 |  6.1
Armour         | 4 5 6 |  6.0
Shields        | 4 5 6 |  6.1
Invocations    | 5 9 |  9.0

Action                   |  1- 3 |  4- 6 |  7- 9 | 10-12 || total
-------------------------+-------+-------+-------+-------++-------
Melee: Long sword        |   121 |   202 |   717 |   218 ||  1258
       Headbutt          |       |       |       |    27 ||    27
Throw: Throwing net      |       |       |       |     1 ||     1
Invok: Heroism           |       |       |       |     1 ||     1
Evoke: Wand              |       |       |    14 |       ||    14
  Use: Scroll            |     4 |     1 |     4 |     3 ||    12
       Potion            |       |     1 |     5 |       ||     6
 Stab: Paralysed         |       |     2 |    18 |       ||    20
       Held in net/web   |       |       |       |     2 ||     2
  Eat: Chunk             |     1 |     5 |    10 |     3 ||    19
       Ration            |       |     1 |     3 |       ||     4
Armor: Scale mail        |    73 |   112 |   332 |    81 ||   598
Dodge: Dodged            |    46 |    72 |   200 |    70 ||   388
Block: Shield            |    64 |   115 |   377 |   182 ||   738
       Reflection        |       |       |       |    10 ||    10
       Rpst.: Long sword |    19 |    23 |    62 |    10 ||   114

Table legend:
 A = Spawn XP
 B = Non-spawn XP
 C = Spawn XP percentage of total XP
 D = Spawn monster count
 E = Non-spawn monster count
 F = Spawn count percentage of total count
 G = Total turns spent on level
                    A         B        C        D         E        F      G
               +---------+---------+-------+---------+---------+-------+---------
         Total |       0 |    9112 |   0.0 |       0 |     230 |   0.0 |  8770
               +---------+---------+-------+---------+---------+-------+---------
           D:1 |       0 |      50 |   0.0 |       0 |      30 |   0.0 |   794
           D:2 |       0 |      82 |   0.0 |       0 |      21 |   0.0 |   713
           D:3 |       0 |     350 |   0.0 |       0 |      32 |   0.0 |   768
           D:4 |       0 |     107 |   0.0 |       0 |      12 |   0.0 |   778
           D:5 |       0 |     972 |   0.0 |       0 |      27 |   0.0 |  2006
           D:6 |       0 |     984 |   0.0 |       0 |      26 |   0.0 |   817
           D:7 |       0 |    1406 |   0.0 |       0 |      29 |   0.0 |  1140
           D:8 |       0 |    2242 |   0.0 |       0 |      36 |   0.0 |   929
           D:9 |       0 |    2323 |   0.0 |       0 |      11 |   0.0 |   429
          D:10 |       0 |     596 |   0.0 |       0 |       6 |   0.0 |   168
               +---------+---------+-------+---------+---------+-------+---------
